 Dungeon Crawl Stone Soup version 0.24.0-123-gd5b16e6ec5 (webtiles) character file.

Game seed: 7648280736267299721, levelgen mode: deterministic

1029 eccles the Slasher (level 8, 0/62 HPs)
             Began as a Demonspawn Abyssal Knight on Jan 20, 2020.
             Was an Elder of Lugonu.
             Slain by Duvessa
             ... wielding a +0 rapier
              (8 damage)
             ... on level 6 of the Dungeon.
             The game lasted 00:29:41 (5075 turns).

eccles the Slasher (Demonspawn Abyssal Knight)      Turns: 5075, Time: 00:29:42

Health: 0/62       AC: 14    Str: 14    XL:     8   Next: 3%
Magic:  9/9        EV: 11    Int: 14    God:    Lugonu [****..]
Gold:   195        SH:  0    Dex: 13    Spells: 7/7 levels left

rFire    . . .     SeeInvis .   a - +1 falchion
rCold    . . .     Gourm    .   (no shield)
rNeg     . . .     Faith    .   k - +1 ring mail
rPois    .         Spirit   .   s - +0 helmet
rElec    .         Reflect  .   (no cloak)
rCorr    +         Harm     .   (no gloves)
MR       .....                  (no boots)
Stlth    +.........             (no amulet)
HPRegen  0.20/turn              d - ring of resist corrosion
MPRegen  0.11/turn              (no ring)

@: sanguine armour, berserk cooldown, slowed, very slow
A: claws 2, demonic guardian 1, powered by pain 1, sanguine armour 1
a: Depart the Abyss, Bend Space, Banish, Corrupt, Renounce Religion


You were on level 6 of the Dungeon.
You worshipped Lugonu.
Lugonu was greatly pleased with you.
You were hungry.

You visited 1 branch of the dungeon, and saw 6 of its levels.
You visited the Abyss 1 time.

You collected 195 gold pieces.

Inventory:

Hand Weapons
 a - a +1 falchion (weapon)
 b - a +0 hunting sling
 e - a +0 flail
 w - a +2 hand axe of flaming
Missiles
 f - 216 stones (quivered)
 j - 22 sling bullets
 n - 115 arrows
 y - 18 bolts
 A - 10 poisoned darts
Armour
 g - a +0 leather armour
 k - a +1 ring mail (worn)
 s - a +0 helmet (worn)
Jewellery
 d - a ring of resist corrosion (left claw)
 h - a cursed -6 ring of protection {unknown}
Wands
 p - a wand of digging (3)
 r - a wand of iceblast (13)
Scrolls
 o - 3 scrolls of remove curse
 t - a scroll of fog
 u - 2 scrolls of identify
 v - 2 scrolls of teleportation
Potions
 i - 6 potions of haste
 m - a potion of mutation
 q - 5 potions of curing
Comestibles
 c - 11 rations
 x - 10 chunks of flesh


   Skills:
 * Level 5.3 Fighting
 * Level 6.2 Long Blades
 * Level 3.7 Armour
 + Level 2.1 Dodging
 + Level 1.4 Stealth
 + Level 2.6 Invocations


You had 7 spell levels left.
You didn't know any spells.
Your spell library was empty.

Dungeon Overview and Level Annotations

Branches:
Dungeon (6/15)
 Temple: D:4-7

Altars:
Ashenzari
Cheibriados
Dithmenos
Vehumet
Wu Jian
The Shining One

Annotations:
D:6 Duvessa


Innate Abilities, Weirdness & Mutations

You have very sharp fingernails.
A weak demonic guardian rushes to your aid.
You sometimes gain a little power by taking damage.
When seriously injured, your bleeding wounds create armour. (AC +6)


Message History

You feel yourself slow down. Duvessa hits you but does no damage.
Duvessa hits you but does no damage. Duvessa hits you with a +0 rapier!
Duvessa hits you with a +0 rapier.
* * * LOW HITPOINT WARNING * * *
Duvessa hits you with a +0 rapier.
* * * LOW HITPOINT WARNING * * *
Duvessa hits you with a +0 rapier.
* * * LOW HITPOINT WARNING * * *
You can move again.
You hit Duvessa but do no damage.
Duvessa is severely wounded.
Duvessa hits you with a +0 rapier!
* * * LOW HITPOINT WARNING * * *
Duvessa hits you with a +0 rapier.
* * * LOW HITPOINT WARNING * * *
You feel better. Duvessa hits you with a +0 rapier.
* * * LOW HITPOINT WARNING * * *
Your white imp barely misses Duvessa.
Duvessa hits you with a +0 rapier!
You die...

##......##.# #......##.#
#......##.# #......##.#
#......##.#
####.####.##### #..#
#.....#
########.###.###.###
......e@...........#
.≈≈≈≈;5≈≈≈≈≈.≈≈≈≈≈.#####
.≈###≈.≈###≈.≈###≈......
#≈.≈# #≈.≈# #≈..####
#≈.≈# #≈.≈###≈.##
≈≈.≈≈≈≈≈.≈≈≈≈≈.#
................#
≈≈≈≈.≈≈ ≈.≈≈≈≈≈.#
≈.≈###≈.#


You could see Duvessa (berserk), an electric eel and a friendly white imp.

Vanquished Creatures
  Sigmund (D:4)
  2 elf skeletons (D:5)
  A scorpion (D:4)
  A bullfrog zombie (D:5)
  A jelly (D:5)
  2 orc priests
  3 orc wizards (D:5)
  3 human skeletons (D:5)
  5 worker ants
  A hound zombie (D:5)
  A hound skeleton (D:5)
  8 gnolls
  6 adders
  A shadow imp (D:5)
  An ooze (D:4)
  An adder zombie (D:5)
  2 adder skeletons
  2 worms
  2 dart slugs
  5 leopard geckos
  12 orcs
  3 giant cockroaches
  9 goblins
  3 hobgoblins
  3 jackals (D:2)
  8 kobolds
  3 quokkas
  2 ball pythons (D:1)
  10 bats
  4 frilled lizards
  A leopard gecko skeleton (D:4)
  An orc skeleton (D:5)
  12 rats
120 creatures vanquished.

Vanquished Creatures (collateral kills)
  Dowan (D:6)
  A gnoll shaman (D:6)
  Ijyb (D:3)
  A gnoll (D:6)
  An adder skeleton (D:4)
  4 orcs
9 creatures vanquished.

Grand Total: 129 creatures vanquished

Notes
Turn   | Place    | Note
-------+----------+-------------------------------------------
     0 | Abyss:1  | eccles the Demonspawn Abyssal Knight began the quest for
                  | the Orb.
     0 | Abyss:1  | Reached XP level 1. HP: 18/18 MP: 2/2
    29 | Abyss:1  | Found a radiant altar of Vehumet.
    38 | Abyss:1  | Noticed a great orb of eyes
    41 | D:1      | Escaped the Abyss
   121 | D:1      | Reached * piety under Lugonu
   395 | D:1      | Gained mutation: You have sharp fingernails. [demonic
                  | ancestry]
   395 | D:1      | Reached XP level 2. HP: 21/24 MP: 3/3
   501 | D:1      | Reached skill level 2 in Long Blades
   726 | D:2      | Gained mutation: A weak demonic guardian rushes to your
                  | aid. [demonic ancestry]
   726 | D:2      | Reached XP level 3. HP: 28/29 MP: 4/4
  1116 | D:2      | Reached ** piety under Lugonu
  1123 | D:2      | Reached skill level 1 in Dodging
  1571 | D:3      | Found an ornate altar of the Wu Jian Council.
  1609 | D:3      | Gained mutation: When seriously injured, your bleeding
                  | wounds create armour. (AC +6) [demonic ancestry]
  1609 | D:3      | Reached XP level 4. HP: 37/37 MP: 5/5
  1713 | D:3      | Reached skill level 3 in Long Blades
  1856 | D:3      | Noticed Ijyb
  1873 | D:3      | Killed Ijyb
  2223 | D:4      | Reached XP level 5. HP: 28/42 MP: 6/6
  2503 | D:4      | Reached skill level 4 in Long Blades
  2943 | D:4      | Found a radiant altar of Vehumet.
  2944 | D:4      | Found a glowing golden altar of the Shining One.
  2944 | D:4      | Reached *** piety under Lugonu
  2954 | D:4      | Found a snail-covered altar of Cheibriados.
  3255 | D:4      | Noticed Sigmund
  3265 | D:4      | Killed Sigmund
  3265 | D:4      | Gained mutation: You sometimes gain a little power by
                  | taking damage. [demonic ancestry]
  3265 | D:4      | Reached XP level 6. HP: 35/48 MP: 7/7
  3578 | D:5      | Entered Level 5 of the Dungeon
  3627 | D:5      | Found a shattered altar of Ashenzari.
  3720 | D:5      | Found a sand-covered staircase.
  3754 | D:5      | Reached skill level 5 in Long Blades
  3754 | D:5      | Reached XP level 7. HP: 33/55 MP: 8/8
  4011 | D:5      | Reached skill level 5 in Fighting
  4065 | D:5      | Reached skill level 1 in Stealth
  4150 | D:5      | Found a shadowy altar of Dithmenos.
  4588 | D:5      | Reached skill level 6 in Long Blades
  4980 | D:6      | Reached **** piety under Lugonu
  5048 | D:6      | Noticed Duvessa
  5048 | D:6      | Noticed Dowan
  5055 | D:6      | Killed Dowan
  5055 | D:6      | Gained mutation: You have very sharp fingernails. [demonic
                  | ancestry]
  5055 | D:6      | Reached XP level 8. HP: 62/62 MP: 9/9
  5074 | D:6      | HP: 3/62 [Duvessa/+0 rapier (8)]
  5074 | D:6      | HP: 1/62 [Duvessa/+0 rapier (2)]
  5075 | D:6      | Slain by Duvessa

Levels and vault maps discovered:
D:1:      giann_horns, layout_basic, serial_corexii_hall,
          chequers_hall_statues_corner_a, corexii_hall_statues_l,
          minmay_tiny_reverse_x
D:2:      layout_basic, minmay_tetromino_l2
D:3:      layout_basic, lemuel_crystal_altar, first_ration,
          minmay_misc_feat_rugged, uniq_ijyb
D:4:      layout_gridville, gammafunk_temple_overflow_forgotten, uniq_sigmund
D:5:      layout_basic, ashenzari_conservatory_becter,
          nicolae_dithmenos_the_darkroom, nicolae_ossuary_entry_catacombs
D:6:      layout_basic, kennysheep_boxes, uniq_eustachio, uniq_duvessa

Skill      XL: |  1  2  3  4  5  6  7 |
---------------+----------------------+-----
Armour         | 2 3 |  3.7
Long Blades    | 2 3 4 5 6 |  6.2
Dodging        | 1 2 |  2.1
Fighting       | 4 5 |  5.3
Stealth        | 1 |  1.4
Invocations    | |  2.6

Action                   |  1- 3 |  4- 6 |  7- 9 || total
-------------------------+-------+-------+-------++-------
Melee: Falchion          |   157 |   233 |   205 ||   595
Invok: Depart the Abyss  |     1 |       |       ||     1
Evoke: Wand              |       |       |     1 ||     1
  Use: Potion            |     3 |       |     3 ||     6
       Scroll            |       |     9 |     1 ||    10
 Stab: Distracted        |       |     2 |     2 ||     4
  Eat: Chunk             |     1 |     8 |     5 ||    14
Armor: Ring mail         |    81 |    86 |    73 ||   240
       Leather armour    |     3 |       |       ||     3
Dodge: Dodged            |   125 |   111 |   105 ||   341
       Rpst.: Falchion   |    42 |    37 |    36 ||   115
